 Dungeon Crawl Stone Soup version 0.29.0-11-gd7f09526c8 (webtiles) character file.

Game seed: 14272623978360910880

144 Powertoast the Covert (level 5, 0/28 HPs)
             Began as a Kobold Enchanter on Sept 2, 2022.
             Succumbed to an adder's poison
             ... on level 3 of the Dungeon.
             The game lasted 00:09:48 (2718 turns).

Powertoast the Covert (Kobold Enchanter)            Turns: 2718, Time: 00:09:48

Health: 0/28       AC:  5    Str:  5    XL:     5   Next: 52%
Magic:  4/13       EV: 18    Int: 23    God:
Gold:   124        SH:  0    Dex: 17    Spells: 11/15 levels left

rFire   . . .      SeeInvis .   a - +1 dagger
rCold   . . .      Faith    .   (no shield)
rNeg    . . .      Spirit   .   b - +0 robe
rPois   .          Reflect  .   i - +0 helmet
rElec   .          Harm     .   k - +1 cloak
rCorr   .          Rampage  .   (no gloves)
Will    .....                   (no boots)
Stlth   ++++++....              (no amulet)
HPRegen 0.09/turn               d - +6 ring of intelligence
MPRegen 0.13/turn               (no ring)

@: lethally poisoned (0 -> -1), very slightly contaminated, invisible
A: small, no large weapons, nightstalker 3
a: no special abilities


You were on level 3 of the Dungeon.
You visited 1 branch of the dungeon, and saw 3 of its levels.

You collected 124 gold pieces.

Inventory:

Hand Weapons
 a - a +1 dagger (weapon)
Missiles
 l - 2 atropa-tipped darts (quivered)
Armour
 b - a +0 robe (worn)
 g - a +0 buckler
 i - a +0 helmet (worn)
 k - a +1 cloak (worn)
Jewellery
 d - a +6 ring of intelligence (left hand)
 m - a ring of ice
 n - a ring of wizardry
Scrolls
 e - a scroll of enchant armour {unknown}
 f - a scroll of teleportation
 h - a scroll of identify {unknown}
Potions
 c - a potion of invisibility


   Skills:
 + Level 7.2 Short Blades
 + Level 6.5 Dodging
 - Level 11.7 Stealth
 + Level 5.8 Spellcasting
 - Level 3.0 Hexes


You had 11 spell levels left.
You knew the following spells:

 Your Spells              Type           Power      Damage    Failure   Level
a - Ensorcelled Hibernat  Hex/Ice        26%        N/A       7%          2
b - Blink                 Tloc           12%        N/A       13%         2

Your spell library contained the following spells:

 Spells                   Type           Power      Damage    Failure   Level
 Confusing Touch          Hex            20%        N/A       8%          3
 Tukima's Dance           Hex            20%        N/A       8%          3
 Dazzling Flash           Conj/Hex       26%        N/A       14%         3
 Manifold Assault         Tloc           6%         N/A       94%         5
 Storm Form               Tmut/Air       3%         N/A       100%        7


Dungeon Overview and Level Annotations

Branches:
Dungeon (3/15)

Altars:
Ashenzari


Innate Abilities, Weirdness & Mutations

You are small and have problems with some larger weapons.
You are completely attuned to the shadows.


Message History

Confirm with . or Enter, or press ? or * to list all spells.
Aiming: Ensorcelled Hibernation (safe; 11% risk of failure)
Press: ? - help, Shift-Dir - straight line, f - worm
Aim: a worm (lightly wounded, chance to affect: 51%)
The worm resists with some effort.
The worm bites you.
* * * LOW HITPOINT WARNING * * *
The adder barely misses you.
Casting: Ensorcelled Hibernation (safe; 11% risk of failure)
Confirm with . or Enter, or press ? or * to list all spells.
Aiming: Ensorcelled Hibernation (safe; 11% risk of failure)
Press: ? - help, Shift-Dir - straight line, f/p - worm
Aim: a worm (lightly wounded, chance to affect: 51%)
You miscast Ensorcelled Hibernation.
You are very lightly contaminated with residual magic.
Nothing appears to happen.
The adder bites you.
* * * LOW HITPOINT WARNING * * *
You are lethally poisoned!
The adder poisons you!
* * * LOW HITPOINT WARNING * * *
You feel sick.
* * * LOW HITPOINT WARNING * * *
You feel sick.
It was a potion of experience.
You feel more experienced!
Your Short Blades skill gained 5 levels and is now at level 7!
Your Dodging skill gained 4 levels and is now at level 6!
Your Stealth skill gained 6 levels and is now at level 11!
Your Spellcasting skill gained 3 levels and is now at level 5!
Training target 10.0 for Stealth reached!
You have reached level 5!
You feel clever.
* * * LOW HITPOINT WARNING * * *
You feel sick. The adder completely misses you. The adder misses you.
Okay, then.
You fade into invisibility!
* * * LOW HITPOINT WARNING * * *
You feel sick. The adder closely misses you.
The worm bites you but does no damage.
You die...

###.### ##.##
#...###
#.#...#
#...#.#
#####.#
#.####.r
####.#....#
....@†.#.#
^.###.w..####
. ###S#......
#.........#
##.#.##$..#
#....##.##
#.##. .# ..
.# ..


You could see a worm (unable to see you) and an adder (unable to see you).

Vanquished Creatures
  A worm (D:2)
  3 dart slugs
  An orc (D:3)
  9 bats
  4 endoplasms
  3 giant cockroaches
  6 goblins
  5 hobgoblins
  4 jackals (D:2)
  4 quokkas
  6 ball pythons
  3 frilled lizards
  2 kobolds (D:1)
  9 rats
60 creatures vanquished.

Notes
Turn   | Place    | Note
-------+----------+-------------------------------------------
     0 | D:1      | Powertoast the Kobold Enchanter began the quest for the
                  | Orb.
     0 | D:1      | Reached XP level 1. HP: 10/10 MP: 3/3
   157 | D:1      | Found a faded altar of an unknown god.
   182 | D:1      | Reached XP level 2. HP: 15/15 MP: 5/5
   709 | D:1      | Reached XP level 3. HP: 19/19 MP: 6/6
   842 | D:1      | Reached skill level 5 in Stealth
   947 | D:1      | Learned a level 2 spell: Ensorcelled Hibernation
   950 | D:1      | Learned a level 2 spell: Blink
  1817 | D:2      | Reached XP level 4. HP: 24/24 MP: 8/8
  2235 | D:2      | Found a broken altar of Ashenzari.
  2716 | D:3      | Reached skill level 11 in Stealth
  2716 | D:3      | Reached skill level 5 in Spellcasting
  2716 | D:3      | Reached XP level 5. HP: 3/28 MP: 4/13
  2717 | D:3      | HP: 1/28 [poisoned by an adder]
  2718 | D:3      | Succumbed to an adder's poison

Illustrated notes

Levels and vault maps discovered:
D:1:      scummos_arrival_hexagon, layout_loops_ring,
          ebering_ecumenical_altar_abandoned, reono_crystal_passage,
          st_stairs_11
D:2:      layout_loops_ring, basic_altar
D:3:      layout_loops_cross, tgw_kikubaaqudgha,
          mainiacjoe_overflow_catch_the_wave, gammafunk_ghost_split

Skill      XL: |  1  2  3  4 |
---------------+-------------+-----
Short Blades   | 2 7 |  7.2
Stealth        | 5 11 | 11.7
Dodging        | 6 |  6.5
Spellcasting   | 5 |  5.8
Hexes          | |  3.0

Action                   |  1- 3 |  4- 6 || total
-------------------------+-------+-------++-------
Melee: Dagger            |   115 |    42 ||   157
       Punch             |       |     1 ||     1
 Cast: Ensorcelled Hiber |     4 |     1 ||     5
  Use: Potion            |       |     2 ||     2
       Scroll            |       |     1 ||     1
 Stab: Sleeping          |    24 |    10 ||    34
       Distracted        |       |     1 ||     1
Armor: Robe              |    19 |     6 ||    25
Dodge: Dodged            |    83 |    24 ||   107
